[Event "ICC tourney 2605 (40 5)"]
[Site "Internet Chess Club"]
[Date "2021.06.12"]
[Round "1"]
[White "WANG, LILIAN:K09-15607273"]
[Black "LEE, JAYDEN:K09-15757981"]
[Result "0-1"]
[ICCResult "White checkmated"]
[WhiteElo "1789"]
[BlackElo "2106"]
[Opening "Scotch: Mieses variation"]
[ECO "C45"]
[NIC "SO.04"]
[Time "11:16:04"]
[PlyCount "140"]
[TimeControl "2400+5"]

1. e4 e5 2. Nf3 Nc6 3. d4 exd4 4. Nxd4 Nf6 5. Nxc6 bxc6 6. e5 Nd5 7. g3 Qe7
8. Qe2 a5 9. Bg2 Ba6 10. Qe4 Rb8 11. b3 Rb4 12. c4 Rb8 13. cxd5 cxd5 14.
Qe3 Qe6 15. Nc3 c6 16. Bd2 Ba3 17. Ne2 Ra8 18. Bc3 Qg4 19. h3 Qh5 20. Bf3
Qg6 21. O-O h5 22. h4 Qf5 23. Kh2 Bc8 24. Qf4 Qg6 25. Qg5 Qd3 26. Kg2 Be7
27. Qd2 Qf5 28. Nd4 Qg6 29. Kh2 Ba6 30. Rfe1 Bd8 31. Rac1 Bb7 32. Qe3 O-O
33. Qe2 c5 34. Nc2 Rb8 35. Bxh5 Qh6 36. Bd2 Qe6 37. Qg4 Qc6 38. Qf3 Qa6 39.
Qe2 Qc6 40. Bf3 Qe6 41. Bg4 Qg6 42. Ne3 Ba6 43. Qf3 d4 44. Nf5 Bb7 45. Qe2
Qc6 46. f3 g6 47. Nd6 Ba8 48. Nc4 Be7 49. Bh6 Rfe8 50. Qg2 a4 51. Rb1 Qa6
52. Nd2 Bd5 53. bxa4 Qxa4 54. Rxb8 Rxb8 55. Ne4 Qa3 56. Nf6+ Bxf6 57. exf6
Be6 58. Re2 d3 59. Rd2 c4 60. Bxe6 dxe6 61. Kh3 Qa5 62. Rd1 c3 63. Rxd3
Qf5+ 64. g4 Qxd3 65. Qg3 Rd8 66. Bc1 Qf1+ 67. Kh2 Qxc1 68. h5 Rd2+ 69. Kh3
Qh1+ 70. Qh2 Qxh2# { White checkmated } 0-1

[Event "ICC tourney 2605 (40 5)"]
[Site "Internet Chess Club"]
[Date "2021.06.12"]
[Round "1"]
[White "STONE, VINCENT WILLIAM:K09-15537233"]
[Black "XIONG, LANG:K09-16344675"]
[Result "0-1"]
[ICCResult "White forfeits on time"]
[WhiteElo "2075"]
[BlackElo "1786"]
[Opening "Caro-Kann: Tartakower (Nimzovich) variation"]
[ECO "B15"]
[NIC "CK.06"]
[Time "11:16:06"]
[PlyCount "102"]
[TimeControl "2400+5"]

1. e4 c6 2. d4 d5 3. Nd2 dxe4 4. Nxe4 Nf6 5. Nxf6+ exf6 6. c3 Bd6 7. Bd3
O-O 8. Qc2 h6 9. Be3 Re8 10. Ne2 Nd7 11. O-O-O Nf8 12. h4 Qe7 13. g4 Bxg4
14. h5 Bf3 15. Rhg1 Bh2 16. Rge1 Bxh5 17. Rh1 Bxe2 18. Qxe2 Bf4 19. Rh3 Ne6
20. Rf3 Qd6 21. Qd2 Bxe3 22. Rxe3 Nf4 23. Bc2 Rxe3 24. Qxe3 Nd5 25. Qd3
Qf4+ 26. Kb1 g6 27. Qe2 Kg7 28. Rg1 Nc7 29. Qe7 f5 30. Rd1 Nd5 31. Qe1 Rd8
32. a3 Rd6 33. c4 Nf6 34. Qc3 Ne4 35. Bxe4 fxe4 36. d5+ Qf6 37. Qe3 Qe5 38.
f4 Qf5 39. Qd4+ f6 40. Qxa7 cxd5 41. c5 Rd7 42. Ka1 d4 43. c6 bxc6 44. Qb6
Qd5 45. Rh1 e3 46. Rg1 e2 47. Qb4 d3 48. Qd2 Qd4 49. Rh1 c5 50. f5 g5 51.
Rc1 Qf4 { White forfeits on time } 0-1

[Event "ICC tourney 2605 (40 5)"]
[Site "Internet Chess Club"]
[Date "2021.06.12"]
[Round "1"]
[White "NAVEEN, AARUSH:K09-16031675"]
[Black "HE, STEPHEN:K09-14726703"]
[Result "0-1"]
[ICCResult "White resigns"]
[WhiteElo "1693"]
[BlackElo "2066"]
[Opening "Giuoco Piano"]
[ECO "C54"]
[NIC "IG.02"]
[Time "11:16:02"]
[PlyCount "196"]
[TimeControl "2400+5"]

1. e4 e5 2. Nf3 Nc6 3. Bc4 Bc5 4. c3 Nf6 5. d3 h6 6. O-O d6 7. Nbd2 Bg4 8.
Re1 O-O 9. Nf1 Re8 10. Ng3 Bb6 11. h3 Be6 12. Bb3 d5 13. d4 dxe4 14. Nxe5
Bxb3 15. Nxc6 bxc6 16. Qxb3 Qd7 17. a4 a5 18. Qc2 c5 19. dxc5 Bxc5 20. Bf4
Qc6 21. b4 Bb6 22. b5 Qc4 23. Bd2 Rad8 24. Rad1 Rd3 25. Nf5 Nd5 26. Ne3
Nxe3 27. fxe3 Red8 28. Re2 Qd5 29. c4 Qd6 30. c5 Bxc5 31. Rf1 Rxd2 32. Rxd2
Bxe3+ 33. Rdf2 Bxf2+ 34. Qxf2 Qd4 35. Qxd4 Rxd4 36. Rc1 Rxa4 37. Rxc7 Rb4
38. Re7 f5 39. Re5 g6 40. g4 fxg4 41. hxg4 a4 42. b6 Rxb6 43. Rxe4 Ra6 44.
Re2 a3 45. Ra2 Kf7 46. Kf2 Kf6 47. Kf3 Ra4 48. Kg3 Kg5 49. Kh3 Rxg4 50.
Rxa3 Rf4 51. Rg3+ Kh5 52. Rb3 g5 53. Kg3 Rc4 54. Rd3 Rc1 55. Ra3 Rg1+ 56.
Kh2 Rg4 57. Rc3 Rf4 58. Kg3 Kg6 59. Rc6+ Rf6 60. Rc8 h5 61. Rg8+ Kf5 62.
Rb8 h4+ 63. Kh3 Re6 64. Rf8+ Kg6 65. Rg8+ Kh5 66. Rh8+ Rh6 67. Rd8 g4+ 68.
Kh2 Rf6 69. Rh8+ Kg5 70. Rg8+ Kf4 71. Ra8 Rf5 72. Kg2 h3+ 73. Kh2 Kg5 74.
Rg8+ Kh4 75. Rh8+ Rh5 76. Rg8 Rf5 77. Rh8+ Kg5 78. Rg8+ Kf4 79. Ra8 Re5 80.
Rf8+ Rf5 81. Ra8 Kf3 82. Ra3+ Kf4 83. Ra8 Kg5 84. Rg8+ Kh4 85. Rh8+ Rh5 86.
Rg8 Rh7 87. Rf8 g3+ 88. Kg1 Rg7 89. Rh8+ Kg4 90. Kh1 Rg5 91. Rd8 Rf5 92.
Rd4+ Rf4 93. Rd1 Kf3 94. Rd8 Kf2 95. Rd2+ Ke3 96. Rd1 Ke2 97. Rg1 g2+ 98.
Kh2 Rf1 { White resigns } 0-1

[Event "ICC tourney 2605 (40 5)"]
[Site "Internet Chess Club"]
[Date "2021.06.12"]
[Round "1"]
[White "KE, RIANNE:K09-15179208"]
[Black "MCQUILLIN, DANIL ALSANDAIR:K09-15050406"]
[Result "1/2-1/2"]
[ICCResult "Game drawn by mutual agreement"]
[WhiteElo "2002"]
[BlackElo "1193"]
[Opening "Ruy Lopez: fianchetto (Smyslov/Barnes) defense"]
[ECO "C60"]
[NIC "RL.03"]
[Time "11:21:39"]
[PlyCount "127"]
[TimeControl "2400+5"]

1. e4 e5 2. Nf3 Nc6 3. Bb5 g6 4. c3 Bg7 5. d4 exd4 6. cxd4 Nge7 7. O-O a6
8. Ba4 O-O 9. Nc3 d5 10. e5 Bg4 11. Be3 f6 12. exf6 Rxf6 13. h3 Bxf3 14.
gxf3 Qd7 15. Kg2 Raf8 16. f4 g5 17. Qg4 Qxg4+ 18. hxg4 gxf4 19. Bd2 f3+ 20.
Kh3 Rg6 21. Bc2 Rd6 22. Rae1 Ng6 23. Bb3 Rfd8 24. Bg5 R8d7 25. Re8+ Kf7 26.
Rfe1 Nxd4 27. Bxd5+ Rxd5 28. Nxd5 Rxd5 29. Bc1 Ne2 30. Re3 Ngf4+ 31. Kh2
Rd3 32. Re4 Ng2 33. Rf1 Nxc1 34. Rxc1 Rd7 35. b3 c6 36. Kg3 Rd6 37. Kxf3
Nh4+ 38. Kg3 Ng6 39. f4 Rd3+ 40. Kf2 Bf6 41. g5 Rd4 42. Rce1 Bg7 43. Kf3
Rd3+ 44. Kg4 Rd7 45. R1e2 Rc7 46. f5 Ne5+ 47. Rxe5 Bxe5 48. Rxe5 Rd7 49.
Kh5 Rd2 50. a4 Rd3 51. b4 Rd4 52. b5 axb5 53. axb5 Rd5 54. Re6 Rxf5 55. Rh6
Kg7 56. bxc6 bxc6 57. Rxc6 Rf7 58. Rb6 Re7 59. Ra6 Rf7 60. Rb6 Re7 61. Rf6
Rf7 62. Rb6 Re7 63. Rc6 Rf7 64. Rd6 { Game drawn by mutual agreement }
1/2-1/2

[Event "ICC tourney 2605 (40 5)"]
[Site "Internet Chess Club"]
[Date "2021.06.12"]
[Round "2"]
[White "LEE, JAYDEN:K09-15757981"]
[Black "EISENBRAUN, TYLER:K09-30031250"]
[Result "1-0"]
[ICCResult "Black checkmated"]
[WhiteElo "2106"]
[BlackElo "472"]
[Opening "Sicilian: dragon, Yugoslav attack, 7...O-O"]
[ECO "B76"]
[NIC "SI.17"]
[Time "14:00:26"]
[PlyCount "63"]
[TimeControl "2400+5"]

1. e4 c5 2. Nf3 d6 3. d4 cxd4 4. Nxd4 Nf6 5. Nc3 g6 6. Be3 Bg7 7. f3 O-O 8.
Bc4 Nc6 9. Bb3 e5 10. Ndb5 Qa5 11. O-O Bd7 12. Nxd6 Qc7 13. Ncb5 Qb8 14.
Bg5 h6 15. Bxf6 Bxf6 16. Nxf7 Rxf7 17. Qxd7 Qf8 18. Nd6 Rd8 19. Qxf7+ Qxf7
20. Nxf7 Rd7 21. Nxe5+ Kf8 22. Nxd7+ Ke7 23. Nxf6 Kxf6 24. Rad1 Ne5 25.
Rd6+ Kg5 26. Rd5 Kf6 27. Rxe5 Kxe5 28. Rd1 Kf4 29. Kf2 h5 30. Rd5 h4 31.
g3+ hxg3+ 32. hxg3# { Black checkmated } 1-0

[Event "ICC tourney 2605 (40 5)"]
[Site "Internet Chess Club"]
[Date "2021.06.12"]
[Round "2"]
[White "CLEM, THOMAS:K09-15706482"]
[Black "REISS, AIDEN:K09-16581243"]
[Result "0-1"]
[ICCResult "White checkmated"]
[WhiteElo "891"]
[BlackElo "1853"]
[Opening "Sicilian: Najdorf, 6.Bg5"]
[ECO "B94"]
[NIC "SI.04"]
[Time "14:00:26"]
[PlyCount "34"]
[TimeControl "2400+5"]

1. e4 c5 2. Nf3 d6 3. Nc3 Nf6 4. d4 cxd4 5. Nxd4 a6 6. Bg5 Nbd7 7. f4 Qb6
8. b3 e5 9. fxe5 dxe5 10. Nf5 Bb4 11. Qd3 Nxe4 12. Qxe4 Bxc3+ 13. Kd1 Bxa1
14. Nxg7+ Kf8 15. Bh6 Qxh6 16. Bd3 Bc3 17. Nf5 Qd2# { White checkmated }
0-1

[Event "ICC tourney 2605 (40 5)"]
[Site "Internet Chess Club"]
[Date "2021.06.12"]
[Round "2"]
[White "SHRIGADI, ARYAN:K09-15491764"]
[Black "CHAKRAVARTY, ARITRO:K09-16061277"]
[Result "1-0"]
[ICCResult "Black resigns"]
[WhiteElo "1454"]
[BlackElo "1942"]
[Opening "Sicilian defense"]
[ECO "B33"]
[NIC "SI.34"]
[Time "14:00:25"]
[PlyCount "107"]
[TimeControl "2400+5"]

1. e4 c5 2. Nf3 Nc6 3. d4 cxd4 4. Nxd4 Nf6 5. Nc3 e6 6. a3 d5 7. exd5 Nxd5
8. Bb5 Nxc3 9. bxc3 Bd7 10. O-O Be7 11. Be3 O-O 12. Nxc6 Bxc6 13. Bxc6 bxc6
14. Qxd8 Rfxd8 15. Rfd1 a6 16. g3 h6 17. a4 Kf8 18. Kf1 Ke8 19. Ke2 Rd5 20.
Rxd5 cxd5 21. Rb1 Rc8 22. Bd4 f6 23. Rb6 e5 24. Be3 Rxc3 25. Kd1 d4 26. Bd2
Ra3 27. Rxa6 e4 28. Ra8+ Kf7 29. Ra7 Kf8 30. Ra8+ Kf7 31. Ra7 Ra1+ 32. Ke2
Ra2 33. Bb4 Rxc2+ 34. Kd1 Rxf2 35. Rxe7+ Kg6 36. Rxe4 Rxh2 37. Rxd4 Ra2 38.
a5 Kg5 39. Kc1 h5 40. Kb1 Re2 41. a6 Re6 42. a7 Ra6 43. Rd5+ Kg4 44. Ra5
Rxa7 45. Rxa7 g5 46. Be1 Kf3 47. Rf7 Ke2 48. Rxf6 Kxe1 49. Rf5 g4 50. Rxh5
Kf2 51. Kc2 Kxg3 52. Kd2 Kf2 53. Rf5+ Kg1 54. Rg5 { Black resigns } 1-0

[Event "ICC tourney 2605 (40 5)"]
[Site "Internet Chess Club"]
[Date "2021.06.12"]
[Round "2"]
[White "MARTIN, DREW:K09-16062286"]
[Black "SCHOENBAUER, JAKE:K09-16875594"]
[Result "1-0"]
[ICCResult "Black checkmated"]
[WhiteElo "1903"]
[BlackElo "1299"]
[Opening "Ruy Lopez: Schliemann defense"]
[ECO "C63"]
[NIC "RL.06"]
[Time "14:00:53"]
[PlyCount "81"]
[TimeControl "2400+5"]

1. e4 e5 2. Nf3 Nc6 3. Bb5 f5 4. d3 fxe4 5. dxe4 Nf6 6. Nc3 Bb4 7. Qe2 O-O
8. O-O Bxc3 9. bxc3 d6 10. Re1 Bg4 11. Qc4+ Kh8 12. Nd2 Qe8 13. Nf1 a6 14.
Bxc6 Qxc6 15. Qxc6 b6 16. Qxc7 Rfd8 17. Qxb6 Be6 18. Bg5 Rd7 19. Bxf6 gxf6
20. Ng3 Rdd8 21. Red1 Rab8 22. Qxa6 Ra8 23. Qe2 Rac8 24. Qf3 Rf8 25. Rxd6
Rce8 26. h3 Re7 27. a4 Ree8 28. a5 Bc4 29. Rxf6 Rg8 30. Rh6 Ref8 31. Qh5
Rg7 32. a6 Bf7 33. Qxe5 Ra8 34. Nf5 Rg8 35. Nxg7 Rxg7 36. a7 Bg8 37. Rxh7+
Bxh7 38. a8=Q+ Bg8 39. Qxg8+ Kxg8 40. Ra8+ Kh7 41. Qh5# { Black checkmated
} 1-0

[Event "ICC tourney 2605 (40 5)"]
[Site "Internet Chess Club"]
[Date "2021.06.12"]
[Round "2"]
[White "LIM, TIMOTHY:K09-16139198"]
[Black "LU, JASON:K09-15264313"]
[Result "0-1"]
[ICCResult "White resigns"]
[WhiteElo "1846"]
[BlackElo "2192"]
[Opening "Sicilian: Smith-Morra gambit"]
[ECO "B21"]
[NIC "SI.48"]
[Time "14:00:39"]
[PlyCount "104"]
[TimeControl "2400+5"]

1. e4 c5 2. d4 cxd4 3. c3 dxc3 4. Nxc3 Nc6 5. Nf3 d6 6. Bc4 a6 7. O-O Nf6
8. e5 dxe5 9. Qe2 e6 10. Rd1 Qc7 11. Bg5 Be7 12. Rac1 O-O 13. Ne4 Nxe4 14.
Bxe7 Qxe7 15. Qxe4 f6 16. Bb3 Bd7 17. Nd2 Be8 18. Nc4 Bg6 19. Qe3 Rad8 20.
Nb6 Nd4 21. Bc4 Kh8 22. Bd3 Bxd3 23. Rxd3 Qd6 24. Nc4 Ne2+ 25. Qxe2 Qxd3
26. Qe1 b5 27. Na5 Qd2 28. Nc6 Qxe1+ 29. Rxe1 Rd6 30. Nb4 Rfd8 31. h3 Rd1
32. Rxd1 Rxd1+ 33. Kh2 Rd2 34. Nxa6 Rxb2 35. Nc7 Rxa2 36. Nxb5 Rxf2 37. Nc7
Kg8 38. Nxe6 Kf7 39. Nc5 Rc2 40. Ne4 Kg6 41. h4 Ra2 42. Nd6 f5 43. h5+ Kf6
44. Ne8+ Kf7 45. Nd6+ Ke6 46. Ne8 g6 47. hxg6 hxg6 48. Nc7+ Kd6 49. Ne8+
Ke7 50. Nc7 Ra5 51. Kg3 Kd7 52. Ne6 Kxe6 { White resigns } 0-1

[Event "ICC tourney 2605 (40 5)"]
[Site "Internet Chess Club"]
[Date "2021.06.12"]
[Round "2"]
[White "ZHU, JENNY:K09-15942700"]
[Black "UPPATHIL, ADITHYA SATISH:K09-30062860"]
[Result "1-0"]
[ICCResult "Black resigns"]
[WhiteElo "1959"]
[BlackElo "1667"]
[Opening "Nimzo-Indian: Kmoch variation"]
[ECO "E20"]
[NIC "NI.30"]
[Time "14:00:16"]
[PlyCount "39"]
[TimeControl "2400+5"]

1. d4 Nf6 2. c4 e6 3. Nc3 Bb4 4. f3 d5 5. a3 Bxc3+ 6. bxc3 b6 7. cxd5 exd5
8. e3 Ba6 9. Bxa6 Nxa6 10. Qa4+ Qd7 11. Qxa6 O-O 12. Ne2 c6 13. Qd3 Rfe8
14. O-O Qe7 15. Ng3 Nd7 16. e4 g6 17. Bd2 Qh4 18. Rae1 g5 19. exd5 cxd5 20.
Qf5 { Black resigns } 1-0

[Event "ICC tourney 2605 (40 5)"]
[Site "Internet Chess Club"]
[Date "2021.06.12"]
[Round "2"]
[White "LYU, ETHANTOBY:K09-16195991"]
[Black "STONE, VINCENT WILLIAM:K09-15537233"]
[Result "1-0"]
[ICCResult "Black checkmated"]
[WhiteElo "1838"]
[BlackElo "2075"]
[Opening "Queen's pawn game"]
[ECO "D00"]
[NIC "QP.07"]
[Time "14:00:53"]
[PlyCount "45"]
[TimeControl "2400+5"]

1. d4 Nf6 2. Nc3 d5 3. Bf4 e6 4. Nb5 Na6 5. e3 Be7 6. Nf3 Nh5 7. Bg3 Nxg3
8. hxg3 c6 9. Nc3 Qa5 10. a3 Bd7 11. Ne5 Rd8 12. Bd3 Bf6 13. Rxh7 Rxh7 14.
Bxh7 Bxe5 15. dxe5 g6 16. Qf3 Qc5 17. O-O-O Bc8 18. Rh1 Qf8 19. Qf6 Nc5 20.
Bxg6 Nd7 21. Qxe6+ Qe7 22. Rh8+ Nf8 23. Bxf7# { Black checkmated } 1-0

[Event "ICC tourney 2605 (40 5)"]
[Site "Internet Chess Club"]
[Date "2021.06.12"]
[Round "2"]
[White "HALL, STEWART WILLIAM:K09-15065861"]
[Black "MALLADI, SADKRITH:K09-15797710"]
[Result "0-1"]
[ICCResult "White resigns"]
[WhiteElo "1427"]
[BlackElo "1897"]
[Opening "Bird's opening: Lasker variation"]
[ECO "A03"]
[NIC "VO.07"]
[Time "14:00:19"]
[PlyCount "48"]
[TimeControl "2400+5"]

1. f4 d5 2. Nf3 Nf6 3. e3 c5 4. b3 Nc6 5. Bb2 Bg4 6. h3 Bxf3 7. Qxf3 e6 8.
Bd3 Be7 9. O-O O-O 10. a3 d4 11. Bb5 Qb6 12. Bxc6 bxc6 13. a4 dxe3 14. dxe3
c4 15. a5 Qa6 16. Qe2 Ne4 17. Qxc4 Qxc4 18. bxc4 Rab8 19. Ra2 Rfd8 20. Ba3
Bxa3 21. Nxa3 g6 22. g4 Rd2 23. Raa1 Rbd8 24. Rac1 Ng3 { White resigns }
0-1

[Event "ICC tourney 2605 (40 5)"]
[Site "Internet Chess Club"]
[Date "2021.06.12"]
[Round "2"]
[White "SILVA, JAVIER:K09-16089208"]
[Black "BONDALAPATI, SRIVIBHAV:K09-16633657"]
[Result "1-0"]
[ICCResult "Black checkmated"]
[WhiteElo "1864"]
[BlackElo "1101"]
[Opening "Sicilian: Alapin's variation (2.c3)"]
[ECO "B22"]
[NIC "SI.46"]
[Time "14:00:25"]
[PlyCount "131"]
[TimeControl "2400+5"]

1. e4 c5 2. c3 e6 3. d4 cxd4 4. cxd4 d5 5. exd5 exd5 6. Nf3 Nc6 7. Bb5 Nf6
8. O-O Be7 9. Ne5 Bd7 10. Qa4 Nxe5 11. dxe5 Ne4 12. Be3 a6 13. Bxd7+ Qxd7
14. Qxd7+ Kxd7 15. Nd2 Nxd2 16. Bxd2 Rac8 17. Rac1 Rxc1 18. Rxc1 Rc8 19.
Rxc8 Kxc8 20. f4 b5 21. Kf2 Kd7 22. Be3 a5 23. g4 a4 24. Ba7 b4 25. b3 axb3
26. axb3 f6 27. Bd4 fxe5 28. Bxe5 g6 29. Ke3 Bc5+ 30. Kd3 Ke6 31. Bd4 Bd6
32. Be3 Bc7 33. Bd2 h5 34. h3 hxg4 35. hxg4 Kf6 36. Kd4 Ke6 37. Kc5 Bd6+
38. Kb5 Kd7 39. f5 gxf5 40. gxf5 Ke8 41. Bxb4 Bh2 42. Kc5 d4 43. Kxd4 Kf7
44. Ke4 Kf6 45. Bc3+ Kf7 46. Kd5 Bg1 47. Kc6 Ke7 48. b4 Bh2 49. b5 Bg3 50.
b6 Bf2 51. b7 Ba7 52. Kc7 Kf7 53. b8=Q Bxb8+ 54. Kxb8 Ke7 55. Kc7 Kf7 56.
Kd7 Kf8 57. Ke6 Ke8 58. f6 Kf8 59. Bb4+ Kg8 60. f7+ Kh7 61. f8=Q Kg6 62.
Qf5+ Kg7 63. Bc3+ Kh6 64. Bd2+ Kg7 65. Qf7+ Kh8 66. Bc3# { Black checkmated
} 1-0

[Event "ICC tourney 2605 (40 5)"]
[Site "Internet Chess Club"]
[Date "2021.06.12"]
[Round "2"]
[White "MULPURI, PARTHIV KUMAR:K09-16906012"]
[Black "RAJARAM, ANIKA:K09-15446678"]
[Result "0-1"]
[ICCResult "White checkmated"]
[WhiteElo "1006"]
[BlackElo "1858"]
[Opening "QGD: 6.Nf3"]
[ECO "D55"]
[NIC "QP.08"]
[Time "14:00:25"]
[PlyCount "114"]
[TimeControl "2400+5"]

1. d4 d5 2. Nf3 Nf6 3. Bg5 e6 4. e3 Be7 5. c4 O-O 6. Nc3 b6 7. cxd5 exd5 8.
Be2 Bb7 9. O-O Nbd7 10. Rc1 c5 11. dxc5 bxc5 12. Qd2 Ne4 13. Nxe4 dxe4 14.
Bxe7 Qxe7 15. Ne1 Ne5 16. f3 Rfd8 17. Qc3 Rac8 18. b3 Nd3 19. Bxd3 exd3 20.
Qd2 Ba6 21. Rc3 Re8 22. Nxd3 Qxe3+ 23. Qxe3 Rxe3 24. Rd1 Rd8 25. Kf2 Rexd3
26. Rcxd3 Rxd3 27. Rxd3 Bxd3 28. Ke3 Bb1 29. a3 Bc2 30. b4 cxb4 31. axb4 a6
32. Kd4 Ba4 33. Kc5 Bb5 34. g3 g6 35. f4 Kg7 36. Kd5 Kf6 37. Ke4 Ke6 38.
Kf3 f5 39. Ke3 Kd5 40. Kf2 Kc4 41. Kg2 Kxb4 42. Kh3 h6 43. Kh4 a5 44. h3 a4
45. g4 fxg4 46. hxg4 a3 47. f5 gxf5 48. gxf5 a2 49. f6 a1=Q 50. f7 Qf6+ 51.
Kg4 Qxf7 52. Kg3 Qf5 53. Kg2 Bc6+ 54. Kg3 Qf3+ 55. Kh4 Qf4+ 56. Kh3 Qg5 57.
Kh2 Qg2# { White checkmated } 0-1

[Event "ICC tourney 2605 (40 5)"]
[Site "Internet Chess Club"]
[Date "2021.06.12"]
[Round "2"]
[White "FENTON, SETH AUSTIN:K09-15344035"]
[Black "KE, RIANNE:K09-15179208"]
[Result "0-1"]
[ICCResult "White resigns"]
[WhiteElo "1690"]
[BlackElo "2002"]
[Opening "English opening"]
[ECO "A16"]
[NIC "EO.64"]
[Time "14:00:52"]
[PlyCount "132"]
[TimeControl "2400+5"]

1. c4 Nf6 2. Nc3 g6 3. e3 Bg7 4. g3 O-O 5. Bg2 c6 6. d4 d5 7. cxd5 cxd5 8.
Nge2 b6 9. O-O Nc6 10. a3 Na5 11. b3 Qd7 12. Nf4 e6 13. Nd3 Ba6 14. Ne5 Qc7
15. Ne2 Nxb3 16. Qxb3 Bxe2 17. Re1 Bc4 18. Nxc4 dxc4 19. Qc3 Nd5 20. Bxd5
exd5 21. Bb2 b5 22. a4 Rfb8 23. axb5 Rxb5 24. Rec1 Rab8 25. Ba3 a5 26. Qc2
Rb3 27. Bc5 R8b5 28. Ra2 f5 29. g4 Qc8 30. gxf5 gxf5 31. Rca1 f4 32. exf4
Qg4+ 33. Kf1 Qh3+ 34. Ke1 Rxc5 35. dxc5 Bc3+ 36. Ke2 Bxa1 37. Rxa1 Qf3+ 38.
Kf1 Qxf4 39. Qe2 Qf6 40. Qg4+ Kf7 41. Qd7+ Kg6 42. Qe8+ Kf5 43. Qd7+ Ke4
44. Qxh7+ Kd4 45. Qh5 Kxc5 46. Rxa5+ Kb4 47. Qxd5 Rb1+ 48. Kg2 Qg6+ 49. Kf3
Qf6+ 50. Kg3 Rg1+ 51. Kh3 Qc3+ 52. Kh4 Qh8+ 53. Qh5 Qd4+ 54. Kh3 Qd7+ 55.
Kh4 Qd4+ 56. Kh3 Qc3+ 57. Kh4 Qf6+ 58. Kh3 Qe6+ 59. Rf5 c3 60. Qh4+ Kb3 61.
Qh5 c2 62. Kh4 c1=Q 63. Qf3+ Qc3 64. Rb5+ Kc4 65. Qf4+ Kxb5 66. Qg5+ Rxg5 {
White resigns } 0-1

[Event "ICC tourney 2605 (40 5)"]
[Site "Internet Chess Club"]
[Date "2021.06.12"]
[Round "2"]
[White "WISNIOWSKI, NATALIE:K09-15702390"]
[Black "HUSTON, GUS:K09-14921551"]
[Result "0-1"]
[ICCResult "White resigns"]
[WhiteElo "2006"]
[BlackElo "2243"]
[Opening "Catalan opening"]
[ECO "E00"]
[NIC "CA.01"]
[Time "14:00:25"]
[PlyCount "92"]
[TimeControl "2400+5"]

1. d4 Nf6 2. c4 e6 3. g3 Bb4+ 4. Nd2 d5 5. Bg2 O-O 6. Nf3 dxc4 7. Qc2 b5 8.
O-O Bb7 9. Rd1 a6 10. a3 Bxd2 11. Bxd2 Be4 12. Qc1 Nc6 13. Bg5 h6 14. Be3
Qd5 15. Nh4 Bxg2 16. Nxg2 Na5 17. Qc3 Nb3 18. Rab1 Qf5 19. Bf4 Rac8 20. Be5
Ne4 21. Qe1 Ned2 22. Rxd2 Nxd2 23. Rd1 Nb3 24. Qc3 c5 25. dxc5 Rfd8 26.
Rxd8+ Rxd8 27. Ne3 Qb1+ 28. Kg2 f6 29. Bd6 Qe4+ 30. f3 Qc6 31. Nc2 Nxc5 32.
Bf4 e5 33. Be3 Na4 34. Qb4 Qd6 35. Qxd6 Rxd6 36. Nb4 a5 37. Na2 Nxb2 38.
Nc3 Nd1 39. Nxd1 Rxd1 40. Kf2 c3 41. f4 c2 42. fxe5 fxe5 43. h3 b4 44. axb4
axb4 45. g4 b3 46. h4 b2 { White resigns } 0-1

[Event "ICC tourney 2605 (40 5)"]
[Site "Internet Chess Club"]
[Date "2021.06.12"]
[Round "2"]
[White "SETHURAMAN, SANDEEP:K09-15472832"]
[Black "JIANG, NICHOLAS:K09-15273385"]
[Result "1-0"]
[ICCResult "Black resigns"]
[WhiteElo "2194"]
[BlackElo "1985"]
[Opening "QGD: exchange, positional line, 6.Qc2"]
[ECO "D36"]
[NIC "QO.16"]
[Time "14:00:52"]
[PlyCount "129"]
[TimeControl "2400+5"]

1. d4 d5 2. c4 e6 3. Nc3 Nf6 4. cxd5 exd5 5. Bg5 c6 6. Qc2 g6 7. e3 Bf5 8.
Bd3 Bxd3 9. Qxd3 Bg7 10. Nge2 Qb6 11. O-O O-O 12. Rab1 Nbd7 13. b4 Rfe8 14.
Na4 Qc7 15. b5 c5 16. Nxc5 Nxc5 17. dxc5 Qxc5 18. Rbc1 Qd6 19. Rfd1 Rad8
20. Nc3 d4 21. Qxd4 Qxd4 22. Rxd4 Rxd4 23. exd4 Rc8 24. Kf1 Ng4 25. h3 Nxf2
26. Kxf2 Bxd4+ 27. Be3 Rxc3 28. Rxc3 Bxc3 29. Bxa7 Kf8 30. Ke3 Ke7 31. Kd3
Bg7 32. Kc4 Kd7 33. Bb6 h5 34. a4 Kd6 35. Bc5+ Kc7 36. Kd5 Bc3 37. Kc4 Be1
38. Bb4 Bf2 39. a5 Kd7 40. Kd5 Kc7 41. Bd6+ Kd7 42. a6 bxa6 43. bxa6 Kc8
44. Kc6 g5 45. Bc5 Bxc5 46. Kxc5 g4 47. hxg4 hxg4 48. Kd5 Kb8 49. Ke5 Ka7
50. Kf6 Kxa6 51. Kxf7 Kb6 52. Kf6 Kc6 53. Kf5 g3 54. Kf4 Kd6 55. Kxg3 Ke6
56. Kg4 Kf6 57. Kh5 Kg7 58. Kg5 Kf7 59. Kh6 Kg8 60. g4 Kh8 61. Kg6 Kg8 62.
g5 Kh8 63. Kf7 Kh7 64. g6+ Kh6 65. g7 { Black resigns } 1-0

[Event "ICC tourney 2605 (40 5)"]
[Site "Internet Chess Club"]
[Date "2021.06.12"]
[Round "2"]
[White "COLOMBO, DOMINIC:K09-14933967"]
[Black "MUNDAYAT, ABINAV RAJIV:K09-15264747"]
[Result "0-1"]
[ICCResult "White resigns"]
[WhiteElo "1960"]
[BlackElo "2109"]
[Opening "Sicilian: Pelikan, Chelyabinsk variation"]
[ECO "B33"]
[NIC "SI.37"]
[Time "14:00:52"]
[PlyCount "78"]
[TimeControl "2400+5"]

1. e4 c5 2. Nf3 Nc6 3. d4 cxd4 4. Nxd4 Nf6 5. Nc3 e5 6. Ndb5 d6 7. Bg5 a6
8. Na3 b5 9. Nd5 Be7 10. Bxf6 Bxf6 11. c4 b4 12. Nc2 a5 13. Be2 O-O 14. O-O
Bg5 15. Qd3 Be6 16. Nce3 g6 17. g3 f5 18. f4 Bh6 19. exf5 gxf5 20. fxe5
Nxe5 21. Qc2 Bxe3+ 22. Nxe3 Qb6 23. Qc1 Ng4 24. Bxg4 fxg4 25. Rxf8+ Rxf8
26. Kh1 Qd4 27. b3 Rf2 28. Ng2 Qe4 29. Qg5+ Kh8 30. Qd8+ Bg8 31. Rg1 Qe5
32. Re1 Qb2 33. Rg1 Qe5 34. Re1 Qc5 35. Rd1 Qf5 36. Rg1 d5 37. c5 Rf1 38.
c6 Qf2 39. Qf6+ Qxf6 { White resigns } 0-1

[Event "ICC tourney 2605 (40 5)"]
[Site "Internet Chess Club"]
[Date "2021.06.12"]
[Round "2"]
[White "OH, JAMES Y:K09-15146868"]
[Black "PAN, KEVIN:K09-14740822"]
[Result "0-1"]
[ICCResult "White resigns"]
[WhiteElo "2034"]
[BlackElo "2260"]
[Opening "Giuoco Piano: Bird's attack"]
[ECO "C54"]
[NIC "IG.02"]
[Time "14:00:16"]
[PlyCount "110"]
[TimeControl "2400+5"]

1. e4 e5 2. Nf3 Nc6 3. Bc4 Bc5 4. c3 Nf6 5. b4 Bb6 6. d3 d6 7. a4 a6 8. O-O
h6 9. Be3 Ba7 10. h3 O-O 11. Nbd2 d5 12. Bb3 d4 13. cxd4 exd4 14. Bf4 Nxb4
15. Ne5 c5 16. Rc1 Be6 17. Qf3 Bxb3 18. Nxb3 Na2 19. Rce1 Nc3 20. Ng4 Nxg4
21. Qxg4 Qc8 22. Qg3 Kh7 23. Bd6 Re8 24. e5 Qf5 25. Nxc5 Bxc5 26. Bxc5 Rad8
27. f4 Nxa4 28. Ba3 Rc8 29. Re4 Nc3 30. Rfe1 Nxe4 31. dxe4 Qg6 32. Qf2 Rc3
33. Bb2 Rxh3 34. Bxd4 Qg3 35. Qd2 Qd3 36. Qf2 Rg3 37. Be3 Rg6 38. Qf3 Rc6
39. Rd1 Qb3 40. Rd7 Rc3 41. Kf2 Rd3 42. Rc7 Red8 43. f5 Rd2+ 44. Bxd2 Qb6+
45. Be3 Qxc7 46. Bf4 Qc2+ 47. Kg1 Qd1+ 48. Qxd1 Rxd1+ 49. Kf2 a5 50. e6
fxe6 51. fxe6 Kg8 52. Ke2 Rd8 53. e7 Ra8 54. Bd6 Kf7 55. e5 Re8 { White
resigns } 0-1

[Event "ICC tourney 2605 (40 5)"]
[Site "Internet Chess Club"]
[Date "2021.06.12"]
[Round "2"]
[White "WANG, LILIAN:K09-15607273"]
[Black "JUSTICE, DREW:K09-14561797"]
[Result "0-1"]
[ICCResult "White checkmated"]
[WhiteElo "1789"]
[BlackElo "2037"]
[Opening "French: advance, Paulsen attack"]
[ECO "C02"]
[NIC "FR.03"]
[Time "14:00:14"]
[PlyCount "76"]
[TimeControl "2400+5"]

1. e4 e6 2. d4 d5 3. e5 c5 4. c3 Nc6 5. Nf3 Qb6 6. a3 Nh6 7. b4 cxd4 8.
cxd4 Nf5 9. Bb2 Bd7 10. Be2 Be7 11. O-O O-O 12. g4 Nh4 13. Nxh4 Bxh4 14.
Qd2 f6 15. b5 Na5 16. exf6 Nb3 17. Qe3 Nxa1 18. fxg7 Bxf2+ 19. Rxf2 Rxf2
20. Qxf2 Bxb5 21. Bxb5 Qxb5 22. Nc3 Qd3 23. Bxa1 Kxg7 24. Qf4 Rf8 25. Qg5+
Kf7 26. Qf4+ Ke7 27. Qc7+ Ke8 28. Qc8+ Kf7 29. Qd7+ Kf6 30. g5+ Kg6 31.
Qxe6+ Kxg5 32. Qxd5+ Rf5 33. Qg2+ Kh6 34. h4 Qxd4+ 35. Kh1 Qxh4+ 36. Qh2
Rf1+ 37. Kg2 Rf2+ 38. Kg1 Qxh2# { White checkmated } 0-1